 Dungeon Crawl Stone Soup version 0.28.0-49-g6dfe1f597d (webtiles) character file.

Game seed: 10723396758446983569

26 Exodus22XD the Covered (level 2, 27/27 HPs)
             Began as a Minotaur Fighter on May 14, 2022.
             Was a Follower of Yredelemnul.
             Quit the game on level 2 of the Dungeon.
             The game lasted 00:00:43 (484 turns).

Exodus22XD the Covered (Minotaur Fighter)            Turns: 484, Time: 00:00:43

Health: 27/27      AC:  7    Str: 20    XL:     2   Next: 89%
Magic:  1/1        EV:  9    Int:  5    God:    Yredelemnul [*.....]
Gold:   39         SH:  4    Dex:  9    Spells: 1/1 levels left

rFire   . . .      SeeInvis .   a - +0 war axe
rCold   . . .      Faith    .   c - +0 buckler
rNeg    . . .      Spirit   .   b - +0 scale mail
rPois   .          Reflect  .   (helmet restricted)
rElec   .          Harm     .   (no cloak)
rCorr   .          Rampage  .   (no gloves)
Will    .....                   (no boots)
Stlth   ..........              (no amulet)
HPRegen 0.09/turn               (no ring)
MPRegen 0.07/turn               (no ring)

@: no status effects
A: horns 2, retaliatory headbutt
a: Renounce Religion, Recall Undead Harvest


You were on level 2 of the Dungeon.
You worshipped Yredelemnul.
Yredelemnul was noncommittal.
You visited 1 branch of the dungeon, and saw 2 of its levels.

You collected 39 gold pieces.

Inventory:

Hand Weapons
 a - a +0 war axe (weapon)
Armour
 b - a +0 scale mail (worn)
 c - a +0 buckler (worn)
Scrolls
 e - a scroll of identify {unknown}
 f - a scroll of summoning {unknown}
Potions
 d - 2 potions of might
 g - a potion of curing {unknown}


   Skills:
 + Level 4.0 Fighting
 + Level 2.7 Axes
 + Level 4.1 Armour
 + Level 4.1 Shields


You had one spell level left.
You didn't know any spells.
Your spell library was empty.

Dungeon Overview and Level Annotations

Branches:
Dungeon (2/15)

Altars:
Yredelemnul


Innate Abilities, Weirdness & Mutations

You have a pair of horns on your head.
You reflexively headbutt those who attack you in melee.


Message History

You hit the adder but do no damage. Your headbutt misses the adder.
The adder is almost dead.
The adder bites you but does no damage. The adder bites you.
An adder is nearby!
You miss the adder.
The adder is almost dead.
The adder barely misses you. The adder bites you but does no damage.
An adder is nearby!
You closely miss the adder. Your headbutt misses the adder.
The adder is almost dead.
The adder barely misses you. x2; You furiously retaliate!
You headbutt the adder!
You kill the adder!
Your Fighting skill increases to level 4!
Your Shields skill increases to level 4!
HP restored.
Found a stone staircase leading down.
No target in view!
A bat comes into view.
The bat misses you.
A bat is nearby!
You closely miss the bat. You block the bat's attack.
The bat hits you but does no damage. x2
You hit the bat.
You kill the bat!
No target in view!
Found a faded altar of an unknown god.
You see here a bat corpse.
A dart slug comes into view.
The dart slug launches a dart at you.
The slug dart hits you but does no damage.
There is an empty arch of ancient stone here.
There is a faded altar of an unknown god here.
You cannot tell which god this altar belongs to.
Convert to them anyway?
Yredelemnul accepts your prayer! Yredelemnul welcomes you!
You can now reap souls.
You can now recall your undead harvest.
Unknown command.
Press < or > to pray at altars.
Are you sure you want to abandon this character and quit the game? (Confirm with "yes".)

.....................##.
.............$........#.
#8..8..∩..8.............
#.......................
#.............†.........
#8.....w..∩.............
#.......................
#.......Z...............
#...∩.Z@Z.♣..8..........
#.......................
#....Z................†.
#∩..∩..♣..∩..∩..........
##########......##.....#
##############


You could see a dart slug, a friendly bat zombie, a friendly ball python zombie,
a friendly quokka zombie and a friendly jackal zombie.

Vanquished Creatures
  An adder (D:2)
  3 bats
  An endoplasm (D:1)
  A giant cockroach (D:1)
  A hobgoblin (D:1)
  4 jackals (D:1)
  A quokka (D:1)
  2 goblins (D:1)
  A rat (D:1)
15 creatures vanquished.

Vanquished Creatures (others)
  14 plants (D:1)
14 creatures vanquished.

Grand Total: 29 creatures vanquished

Notes
Turn   | Place    | Note
-------+----------+-------------------------------------------
     0 | D:1      | Exodus22XD the Minotaur Fighter began the quest for the
                  | Orb.
     0 | D:1      | Reached XP level 1. HP: 19/19 MP: 0/0
   165 | D:1      | Reached XP level 2. HP: 24/27 MP: 1/1
   471 | D:2      | Found a faded altar of an unknown god.
   483 | D:2      | Prayed at the altar of an unknown god.
   483 | D:2      | Became a worshipper of Yredelemnul the Dark
   483 | D:2      | Reached * piety under Yredelemnul
   484 | D:2      | Quit the game

Illustrated notes

Levels and vault maps discovered:
D:1:      roderic_crop_circles_arrival_small, layout_rooms
D:2:      layout_rooms, serial_shops, nicolae_shop_behind_doors,
          hellmonk_ecumenical_altar_arch_garden, minmay_misc_feat_roman,
          minmay_tree_intersection, uniq_robin

Skill      XL: |  1  2 |
---------------+-------+-----
Armour         | 4 |  4.1
Fighting       | 4 |  4.0
Shields        | 4 |  4.1
Axes           | |  2.7

Action                   || total
-------------------------++-------
Melee: War axe           ||    35
       Headbutt          ||     3
Armor: Scale mail        ||    23
Dodge: Dodged            ||    22
Block: Buckler           ||    13
